 Dungeon Crawl Stone Soup version 0.26.1-10-gdfb7c7de75 (webtiles) character file.

Game seed: 10098328881930833533

55 Almogavar the Fighter (level 3, 0/42 HPs)
             Began as a Gnoll Wanderer on Apr 9, 2021.
             Slain by an orc
             ... wielding a +0 mace
              (6 damage)
             ... on level 3 of the Dungeon.
             The game lasted 00:03:45 (1912 turns).

Almogavar the Fighter (Gnoll Wanderer)              Turns: 1912, Time: 00:03:46

Health: 0/42       AC:  3    Str: 13    XL:     3   Next: 93%
Magic:  4/4        EV: 11    Int: 12    God:
Gold:   83         SH:  0    Dex: 18    Spells: 4/4 levels left

rFire    . . .     SeeInvis .   a - +2 quarterstaff
rCold    . . .     Faith    .   (shield currently unavailable)
rNeg     . . .     Spirit   .   f - +0 leather armour
rPois    .         Reflect  .   (no helmet)
rElec    .         Harm     .   (no cloak)
rCorr    .         Rampage  .   (no gloves)
Will     .....                  (no boots)
Stlth    +++.......             (no amulet)
HPRegen  0.14/turn              (no ring)
MPRegen  0.09/turn              (no ring)

@: no status effects
A: distributed training, fangs 1, strong nose
a: no special abilities


You were on level 3 of the Dungeon.
You visited 1 branch of the dungeon, and saw 3 of its levels.

You collected 83 gold pieces.

Inventory:

Hand Weapons
 a - a +2 quarterstaff (weapon)
 d - a +0 dagger
Missiles
 c - 11 poisoned darts (quivered)
Armour
 f - a +0 leather armour (worn)
 h - a +0 ring mail
Scrolls
 g - a scroll of teleportation {unknown}
 j - a scroll of enchant armour {unknown}
 l - a scroll of remove curse
Potions
 b - a potion of curing
 e - a potion of heal wounds {unknown}
 i - a potion of degeneration {unknown}
 k - a potion of resistance {unknown}


   Skills:
 + Level 10.3 Fighting
 + Level 1.0 Short Blades
 + Level 1.0 Long Blades
 + Level 1.0 Axes
 + Level 1.0 Maces & Flails
 + Level 1.0 Polearms
 + Level 4.6 Staves
 + Level 1.0 Slings
 + Level 1.0 Bows
 + Level 1.0 Crossbows
 + Level 2.6 Throwing
 + Level 1.0 Armour
 + Level 1.0 Dodging
 + Level 4.2 Stealth
 + Level 1.0 Shields
 + Level 1.0 Unarmed Combat
 + Level 1.0 Spellcasting
 + Level 0.7 Conjurations
 + Level 0.7 Hexes
 + Level 0.7 Summonings
 + Level 0.7 Necromancy
 + Level 0.7 Translocations
 + Level 0.7 Transmutations
 + Level 0.7 Fire Magic
 + Level 0.7 Ice Magic
 + Level 0.7 Air Magic
 + Level 0.7 Earth Magic
 + Level 0.7 Poison Magic
 + Level 1.0 Invocations
 + Level 1.0 Evocations


You had 4 spell levels left.
You didn't know any spells.
Your spell library was empty.

Dungeon Overview and Level Annotations

Branches:
Dungeon (3/15)

Altars:
Dithmenos
Gozag
Nemelex Xobeh
Qazlal


Innate Abilities, Weirdness & Mutations

Your experience applies equally to all skills.
You have very sharp teeth.
Your uncanny sense of smell can sniff out nearby items.


Message History

You are too injured to fight recklessly!
You are too injured to fight recklessly!
You are too injured to fight recklessly!
Unknown command.
You sock the orc! Your bite misses the orc.
The orc is almost dead.
The orc throws a boomerang.
The boomerang hits you but does no damage.
The weapon returns to the orc!
The orc misses you. The orc barely misses you. The orc hits you with a +0 club.
The orc hits you with a +0 mace.
* * * LOW HITPOINT WARNING * * *
The orc hits you with a +0 trident.
* * * LOW HITPOINT WARNING * * *
You feel better. The orc hits you with a +0 club.
* * * LOW HITPOINT WARNING * * *
The orc hits you with a +0 mace.
* * * LOW HITPOINT WARNING * * *
You barely miss the orc. The orc barely misses you. The orc misses you.
The orc hits you with a +0 mace.
You die...

#.....#### ###
#........# ..#
#......).# #.#
#........#
#.######........####
....................
#.###.##........# #.#
#.##......$)#####.## #.#
#.########.)@o.....#
#.###.#####....o†o.....#
#.........#.##.........#
#####.....# #.........#
# #...................
#...................
#.(..........#......
#.....#.######......
#.....#.#


You could see 3 orcs.

Vanquished Creatures
  A gnoll (D:1)
  An adder (D:3)
  2 worms (D:2)
  A leopard gecko (D:3)
  2 orcs (D:3)
  A ball python (D:1)
  3 giant cockroaches
  2 goblins
  4 hobgoblins
  2 kobolds (D:1)
  A bat (D:2)
  2 frilled lizards (D:1)
  5 rats (D:1)
27 creatures vanquished.

Notes
Turn   | Place    | Note
-------+----------+-------------------------------------------
     0 | D:1      | Reached skill level 10 in Fighting
     0 | D:1      | Almogavar the Gnoll Wanderer began the quest for the Orb.
     0 | D:1      | Almogavar set off with the following items: a +2
                  | quarterstaff, a potion of curing, 11 poisoned darts, a +0
                  | dagger, a +0 robe
     0 | D:1      | Reached XP level 1. HP: 28/28 MP: 1/1
   140 | D:1      | Reached XP level 2. HP: 36/36 MP: 2/2
   659 | D:1      | Reached XP level 3. HP: 42/42 MP: 3/3
  1290 | D:2      | Found a shadowy altar of Dithmenos.
  1293 | D:2      | Found a stormy altar of Qazlal.
  1296 | D:2      | Found an opulent altar of Gozag.
  1299 | D:2      | Found a sparkling altar of Nemelex Xobeh.
  1769 | D:3      | Reached skill level 1 in Invocations
  1903 | D:3      | Reached skill level 1 in Short Blades
  1903 | D:3      | Reached skill level 1 in Long Blades
  1903 | D:3      | Reached skill level 1 in Axes
  1903 | D:3      | Reached skill level 1 in Maces & Flails
  1903 | D:3      | Reached skill level 1 in Polearms
  1903 | D:3      | Reached skill level 1 in Slings
  1903 | D:3      | Reached skill level 1 in Bows
  1903 | D:3      | Reached skill level 1 in Crossbows
  1903 | D:3      | Reached skill level 1 in Armour
  1903 | D:3      | Reached skill level 1 in Dodging
  1903 | D:3      | Reached skill level 1 in Shields
  1903 | D:3      | Reached skill level 1 in Unarmed Combat
  1903 | D:3      | Reached skill level 1 in Spellcasting
  1903 | D:3      | Reached skill level 1 in Evocations
  1912 | D:3      | Slain by an orc

Illustrated notes

Levels and vault maps discovered:
D:1:      dpeg_arrival_tiny_c, layout_rooms, kennysheep_another_room
D:2:      layout_basic, grunt_temple_overflow_cloverleaf
D:3:      layout_basic, lemuel_zombie_altar_yredelemnul, minmay_circle_x

Skill      XL: |  1  2  3 |
---------------+----------+-----
Fighting       | | 10.3
Invocations    | 1 |  1.0
Short Blades   | 1 |  1.0
Long Blades    | 1 |  1.0
Axes           | 1 |  1.0
Maces & Flails | 1 |  1.0
Polearms       | 1 |  1.0
Slings         | 1 |  1.0
Bows           | 1 |  1.0
Crossbows      | 1 |  1.0
Armour         | 1 |  1.0
Dodging        | 1 |  1.0
Shields        | 1 |  1.0
Unarmed Combat | 1 |  1.0
Spellcasting   | 1 |  1.0
Evocations     | 1 |  1.0
Staves         | |  4.6
Throwing       | |  2.6
Stealth        | |  4.2
Conjurations   | |  0.7
Hexes          | |  0.7
Summonings     | |  0.7
Necromancy     | |  0.7
Translocations | |  0.7
Transmutations | |  0.7
Fire Magic     | |  0.7
Ice Magic      | |  0.7
Air Magic      | |  0.7
Earth Magic    | |  0.7
Poison Magic   | |  0.7

Action                   || total
-------------------------++-------
Melee: Quarterstaff      ||    50
  Use: Scroll            ||     2
       Potion            ||     1
 Stab: Sleeping          ||     4
Armor: Leather armour    ||     6
Dodge: Dodged            ||    24
